 Dungeon Crawl Stone Soup version 0.19.0-24-gb05acd6 (webtiles) character file.

1066 Monsterracer the Geomancer (level 8, -4/67 HPs)
             Began as a Deep Dwarf Earth Elementalist on Nov 20, 2016.
             Was an Initiate of Makhleb.
             Slain by a hippogriff (7 damage)
             ... on level 5 of the Dungeon.
             The game lasted 00:36:47 (6397 turns).

Monsterracer the Geomancer (DDEE)                   Turns: 6397, Time: 00:36:48

Health: -4/67      AC:  8    Str:  8 (10) XL:     8   Next: 7%
Magic:  2/13       EV: 14    Int: 18 (21) God:    Makhleb [......]
Gold:   117        SH:  0    Dex: 16 (17) Spells: 2 memorised, 6 levels left

rFire  . . .     SeeInvis .     a - +2 mace of Wrath {speed, Int+3 Dex+4 Stlth+}
rCold  + + .     Gourm    .     c - +0 robe
rNeg   . . .     Faith    .     (no shield)
rPois  .         Spirit   .     (no helmet)
rElec  .         Reflect  .     s - +1 cloak
rCorr  .         Harm     .     l - +2 pair of gloves
MR     +....                    h - +0 pair of boots
Stlth  +++.......               (no amulet)
                                (no ring)
                                g - ring of protection from cold

@: non-regenerating
A: damage resistance, recharge devices, claws 1, cold resistance 1, sense
surroundings 1, slow regeneration 3, weak 1
a: Device Recharging, Renounce Religion


You were on level 5 of the Dungeon.
You worshipped Makhleb.
Makhleb was noncommittal.
You were not hungry.

You visited 2 branches of the dungeon, and saw 6 of its levels.

You collected 341 gold pieces.
You spent 224 gold pieces at shops.

Inventory:

Hand Weapons
 a - the +2 mace of Wrath (weapon) {speed, Int+3 Dex+4 Stlth+}
   (You bought it in a shop on level 4 of the Dungeon)

   Attacks with this weapon are significantly faster.
   It affects your intelligence (+3).
   It affects your dexterity (+4).
   It makes you more stealthy.
Armour
 c - a +0 robe (worn)
 h - a +0 pair of boots (worn)
 l - a +2 pair of gloves (worn)
 s - a +1 cloak (worn)
Jewellery
 g - a ring of protection from cold (left hand)
Wands
 d - a wand of heal wounds (0/9)
 n - a wand of disintegration (10/24)
 u - a wand of enslavement (2/24)
Scrolls
 b - 2 scrolls of enchant armour
 j - a scroll of remove curse
 k - a scroll of teleportation
Books
 e - a book of Geomancy

   Spells                             Type                      Level
   a - Sandblast                      Earth                        1
   b - Passwall                       Transmutation/Earth          2
   c - Stone Arrow                    Conjuration/Earth            3
   d - Petrify                        Transmutation/Earth          4
   e - Lee's Rapid Deconstruction     Earth                        5
Comestibles
 f - 3 bread rations
 i - 3 chunks of flesh
 q - 3 meat rations


   Skills:
 - Level 2.0 Fighting
 * Level 3.2 Maces & Flails
 - Level 3.3 Dodging
 - Level 2.4 Stealth
 * Level 3.9 Spellcasting
 + Level 2.5 Conjurations
   Level 0.8 Transmutations
 * Level 8.6 Earth Magic
 + Level 1.3 Evocations


You had 6 spell levels left.
You knew the following spells:

 Your Spells              Type           Power        Failure   Level  Hunger
b - Stone Arrow           Conj/Erth      ###...       4%          3    ###....
c - Lee's Rapid Deconstr  Erth           ####......   14%         5    ######.


Dungeon Overview and Level Annotations

Branches:
Dungeon (5/15)             Temple (1/1) D:5

Altars:
Ashenzari
Cheibriados
Dithmenos
Elyvilon
Fedhas
Gozag
Hepliaklqana
Kikubaaqudgha
Makhleb
Nemelex Xobeh
Okawaru
Qazlal
Ru
Sif Muna
Trog
Uskayaw
Vehumet
Xom
Yredelemnul
Zin
The Shining One

Shops:
D:4 :%*(=


Innate Abilities, Weirdness & Mutations

You are resistant to damage.
You can recharge devices by infusing magical energy.
You passively map a small area around you.
You do not regenerate.
You have sharp fingernails.
Your flesh is cold resistant. (rC+)
You are weak. (Str -2)


Message History

Okay, then.
Evoke which item? (* to show all) (? for menu, Esc to quit)
Zapping:
u - a wand of enslavement (3/24)
Press: ? - help, Shift-Dir - straight line, f/p - hippogriff
Aim: a hippogriff (almost dead, chance to defeat MR: 44%)
The hippogriff is charmed.
This wand has 2 charges left.
You swap places.
You start resting.
The hippogriff is no longer charmed.
The hippogriff bites you.
* * * LOW HITPOINT WARNING * * *
The hippogriff barely misses you. The hippogriff claws you.
Casting: Stone Arrow
Confirm with . or Enter, or press ? or * to list all spells.
Aiming: Stone Arrow
Press: ? - help, Shift-Dir - straight line, f/p - hippogriff
Aim: a hippogriff (almost dead)
The stone arrow hits the hippogriff.
The hippogriff is almost dead.
The hippogriff bites you!
You die...

##>......# #.#
####################.#
#.)†.....))....>..#
#.#################
#.#............#
#.#.##########.#
###'#'###### #.#
#..).H.....# #.#
#....@.....# #.#
#...(......# #.#
#..........# #.#
#..........# #.#
#....<.....# #.#
#..........## #.#
#...........# #.#
#...........# #.#
##########.# #.#


You could see a hippogriff.

Vanquished Creatures
  Sigmund (D:3)
  Edmund (D:5)
  A wyvern skeleton (D:5)
  A howler monkey (D:5)
  2 hounds
  2 iguanas (D:5)
  2 orc wizards (D:5)
  Natasha (thrice) (D:4)
  A worker ant (D:5)
  A hound skeleton (D:5)
  A worker ant zombie (D:5)
  A howler monkey zombie (D:5)
  12 gnolls
  9 adders
  A shadow imp (D:5)
  2 oozes (D:4)
  An adder skeleton (D:4)
  5 worms
  3 dart slugs
  4 leopard geckos
  8 orcs
  4 giant cockroaches
  12 hobgoblins
  4 jackals
  A quokka (D:4)
  8 bats
  6 frilled lizards
  7 goblins
  9 kobolds
  11 rats
124 creatures vanquished.

Vanquished Creatures (collateral kills)
  A centaur (D:5)
  A shadow imp (D:5)
  A jackal (D:5)
3 creatures vanquished.

Grand Total: 127 creatures vanquished

Notes
Turn   | Place    | Note
-------+----------+-------------------------------------------
     0 | D:1      | Monsterracer the Deep Dwarf Earth Elementalist began the quest for the Orb.
     0 | D:1      | Reached XP level 1. HP: 15/15 MP: 3/3
   222 | D:1      | Reached XP level 2. HP: 16/22 MP: 1/5
   420 | D:1      | Reached skill level 5 in Earth Magic
   492 | D:1      | Reached XP level 3. HP: 28/28 MP: 2/6
  1222 | D:2      | Found a faded altar of an unknown god.
  1336 | D:2      | Learned a level 3 spell: Stone Arrow
  1405 | D:2      | Reached XP level 4. HP: 31/36 MP: 5/7
  1522 | D:2      | Reached skill level 6 in Earth Magic
  2399 | D:3      | Noticed Sigmund
  2789 | D:3      | Reached XP level 5. HP: 10/42 MP: 6/9
  2796 | D:3      | Learned a level 5 spell: Lee's Rapid Deconstruction
  2941 | D:3      | Reached skill level 1 in Conjurations
  3048 | D:3      | Gained mutation: You have sharp fingernails. [potion of mutation]
  3048 | D:3      | Gained mutation: Your flesh is cold resistant. (rC+) [potion of mutation]
  3048 | D:3      | Gained mutation: You are weak. (Str -2) [potion of mutation]
  3105 | D:3      | Killed Sigmund
  3105 | D:3      | Reached skill level 7 in Earth Magic
  3105 | D:3      | Reached XP level 6. HP: 22/49 MP: 0/11
  3364 | D:4      | Found Biceozxe's Food Boutique.
  3382 | D:4      | Found Visom's Assorted Antiques.
  3390 | D:4      | Bought a crystal mace for 224 gold pieces
  3390 | D:4      | Identified the cursed +2 mace of Wrath {speed, Int+3 Dex+4 Stlth+} (You bought it in a shop on level 4 of the Dungeon)
  3473 | D:4      | Found Xeixto Kaup's Antique Weapon Emporium.
  3590 | D:4      | Found Matyp's Jewellery Shop.
  3913 | D:4      | Found Irea's Book Emporium.
  4060 | D:4      | Noticed Natasha
  4067 | D:4      | Killed Natasha
  4330 | D:4      | Reached skill level 1 in Maces & Flails
  4333 | D:4      | Found a sparkling altar of Nemelex Xobeh.
  4510 | D:4      | Noticed Natasha
  4516 | D:4      | Killed Natasha
  4516 | D:4      | Reached skill level 1 in Fighting
  4528 | D:4      | Noticed Natasha
  4547 | D:4      | Killed Natasha
  4547 | D:4      | Reached XP level 7. HP: 13/57 MP: 1/12
  4818 | D:5      | Entered Level 5 of the Dungeon
  4951 | D:5      | Reached skill level 8 in Earth Magic
  5296 | D:5      | Noticed Edmund
  5324 | D:5      | HP: 2/57 [Edmund/flail of protection (9)]
  5351 | D:5      | Killed Edmund
  5351 | D:5      | Reached skill level 1 in Evocations
  5703 | D:5      | Found a staircase to the Ecumenical Temple.
  5719 | Temple   | Entered the Ecumenical Temple
  5728 | Temple   | Became a worshipper of Makhleb the Destroyer
  6153 | D:5      | Noticed a hippogriff
  6159 | D:5      | Reached XP level 8. HP: 37/67 MP: 1/13
  6396 | D:5      | HP: 3/67 [hippogriff (2)]
  6397 | D:5      | Slain by a hippogriff

Skill      XL: |  1  2  3  4  5  6  7 |
---------------+----------------------+-----
Spellcasting   | 2 3 |  3.9
Earth Magic    | 5 6 7 8 |  8.6
Conjurations   | 1 2 |  2.5
Maces & Flails | 1 3 |  3.2
Fighting       | 1 2 |  2.0
Dodging        | 3 |  3.3
Evocations     | 1 |  1.3
Stealth        | |  2.4
Transmutations | |  0.8

Action                   |  1- 3 |  4- 6 |  7- 9 || total
-------------------------+-------+-------+-------++-------
Melee: Unarmed           |    35 |    12 |       ||    47
       Mace              |       |    16 |    64 ||    80
 Cast: Sandblast         |    59 |   113 |    12 ||   184
       Stone Arrow       |       |    14 |    26 ||    40
       Lee's Rapid Decon |       |     5 |     9 ||    14
Evoke: Wand              |       |     1 |     6 ||     7
  Use: Potion            |     1 |     3 |     2 ||     6
       Scroll            |       |     1 |     8 ||     9
  Eat: Chunk             |     2 |     8 |    11 ||    21
       Bread ration      |       |     1 |       ||     1
       Beef jerky        |       |     1 |       ||     1
Armor: Robe              |    13 |    32 |    13 ||    58
Dodge: Dodged            |    49 |    59 |    50 ||   158
